 Dungeon Crawl Stone Soup version 0.30-a0-395-gfe72c296f8 (webtiles) character file.

Game seed: 2237546949251023982

46 Depression the Trooper (level 3, 0/34 HPs)
             Began as a Naga Warper on Dec 7, 2022.
             Slain by an adder (3 damage)
             ... on level 2 of the Dungeon.
             The game lasted 00:10:34 (1604 turns).

Depression the Trooper (Naga Warper)                Turns: 1604, Time: 00:10:35

Health: 0/34       AC:  4    Str: 13    XL:     3   Next: 68%
Magic:  4/6        EV: 10    Int: 15    God:
Gold:   90         SH:  0    Dex: 10    Spells: 1/6 levels left

rFire   . . .      SeeInvis +    a - +0 spear
rCold   . . .      Faith    .    (no shield)
rNeg    . . .      Spirit   .    i - +0 robe
rPois   +          Reflect  .    q - +0 helmet
rElec   .          Harm     .    (no cloak)
rCorr   .          Rampage  .    n - +0 pair of gloves
Will    .....                    (no barding)
Stlth   ++........               (no amulet)
HPRegen 0.25/turn                (no ring)
MPRegen 0.10/turn                (no ring)

@: brilliant, short of breath, on blink cooldown, very slow
A: AC +1, large, see invisible, deformed body, poison resistance, slowness 2,
spit poison 1, naga tail 1
a: Spit Poison


You were on level 2 of the Dungeon.
You visited 1 branch of the dungeon, and saw 2 of its levels.

You collected 90 gold pieces.

Inventory:

Hand Weapons
 a - a +0 spear (weapon)
 p - a +2 sling of electrocution
Missiles
 b - 4 javelins (quivered)
 d - 7 boomerangs of dispersal
 m - 16 stones
Armour
 i - a +0 robe (worn)
 n - a +0 pair of gloves (worn)
 q - a +0 helmet (worn)
Scrolls
 c - a scroll of blinking
 e - 2 scrolls of identify {unknown}
 k - a scroll of immolation {unknown}
 l - a scroll of torment {unknown}
 o - a scroll of teleportation {unknown}
Potions
 g - a potion of cancellation {unknown}
 h - a potion of curing {unknown}
 j - a potion of mutation {unknown}


   Skills:
 * Level 3.2 Fighting
 - Level 2.0 Polearms
 - Level 1.0 Throwing
 - Level 1.0 Armour
 - Level 2.0 Dodging
 + Level 1.9 Stealth
 - Level 2.0 Spellcasting
 - Level 3.0 Translocations


You had one spell level left.
You knew the following spells:

 Your Spells              Type           Power      Damage    Failure   Level
a - Lesser Beckoning      Tloc           30%        N/A       19%         3
b - Blink                 Tloc           30%        N/A       10%         2

Your spell library contained the following spells:

 Spells                   Type           Power      Damage    Failure   Level
 Teleport Other           Tloc           15%        N/A       19%         3
 Vhi's Electric Charge    Tloc/Air       18%        N/A       34%         3
 Manifold Assault         Tloc           15%        N/A       54%         4


Dungeon Overview and Level Annotations

Branches:
Dungeon (2/15) Zot: 9950

Altars:
Nemelex Xobeh

Shops:
D:2 [(


Innate Abilities, Weirdness & Mutations

Your serpentine skin is tough. (AC +1)
You have supernaturally acute eyesight. (SInv)
Armour fits poorly on your strangely shaped body.
Your system is resistant to poisons. (rPois)
You cover ground very slowly.
You can spit poison.
You have a snake-like lower body.


Message History

The adder bites you but does no damage. The gnoll barely misses you.
The adder bites you but does no damage.
You hit the adder but do no damage.
The adder is severely wounded.
The adder bites you. The gnoll closely misses you.
An adder comes into view.
The endoplasm attacks as you move away! The endoplasm barely misses you.
You have got your breath back.
The adder bites you. The adder attacks as you move away! The adder bites you.
The adder attacks as you move away! The adder bites you. x2
You hit the adder but do no damage.
The adder is severely wounded.
The adder closely misses you.
The gnoll hits you from afar with a +0 halberd!
* * * LOW HITPOINT WARNING * * *
The adder bites you but does no damage.
Casting: Blink (safe; 10% risk of failure)
Confirm with . or Enter, or press ? or * to list all spells.
You blink.
Aiming: Spit Poison (2% risk of failure)
Press: ? - help, Shift-Dir - straight line, f - gnoll, p - adder
Aim: a gnoll, wielding a +0 halberd and quivering a throwing net (65% to hit)
The splash of poison misses the adder.
The splash of poison hits the gnoll.
The gnoll is poisoned.
The gnoll is moderately wounded.
Casting: Blink (safe; 10% risk of failure)
Confirm with . or Enter, or press ? or * to list all spells.
Okay, then.
You hit the adder but do no damage.
The adder is heavily wounded.
The adder bites you.
* * * LOW HITPOINT WARNING * * *
It was a potion of brilliance.
You feel clever all of a sudden. The adder bites you but does no damage.
The gnoll hits you from afar with a +0 halberd.
* * * LOW HITPOINT WARNING * * *
The adder bites you.
You die...

#.# .# #.. .... #.#
#..# #.# #..#
######.#####..#
#.............#
######.###.#..#.##
######.###.#..#...
#............@#..
###.####....#S#..
##.# #....#g#.####
#..####....#J#....###
#............#.......
#..######.##..J......
#..######.##.#...S...
#.........##.#.###.##
#.#######.##.#.#


You could see a gnoll (poisoned), an adder and an endoplasm.

Vanquished Creatures
  3 ball pythons
  3 bats
  2 endoplasms
  6 giant cockroaches
  3 jackals (D:1)
  5 kobolds (D:1)
  6 quokkas
  4 frilled lizards
  5 goblins
  5 rats
42 creatures vanquished.

Notes
Turn   | Place    | Note
-------+----------+-------------------------------------------
     0 | D:1      | Depression the Naga Warper began the quest for the Orb.
     0 | D:1      | Reached XP level 1. HP: 19/19 MP: 3/3
    22 | D:1      | HP: 4/19 [kobold/+0 club (4)]
   139 | D:1      | Reached skill level 1 in Throwing
   182 | D:1      | Reached skill level 1 in Armour
   207 | D:1      | Reached XP level 2. HP: 27/27 MP: 5/5
   427 | D:1      | Reached skill level 1 in Stealth
   454 | D:1      | Reached XP level 3. HP: 22/33 MP: 6/6
   460 | D:1      | Learned a level 2 spell: Blink
   464 | D:1      | Learned a level 3 spell: Lesser Beckoning
   497 | D:1      | Found a sparkling altar of Nemelex Xobeh.
   578 | D:1      | Reached skill level 2 in Dodging
   837 | D:1      | Reached skill level 3 in Fighting
  1287 | D:2      | Found Nemufy's Antique Armour Shoppe.
  1331 | D:2      | Found Viytarche's Weapon Emporium.
  1600 | D:2      | HP: 6/34 [gnoll/+0 halberd (12)]
  1604 | D:2      | Slain by an adder

Illustrated notes

Levels and vault maps discovered:
D:1:      amcnicky_arrival_gap_in_the_tavern_cellar, layout_loops_corners,
          minmay_misc_feat_plants, minmay_hexomino_r4
D:2:      minmay_recursive_quarters, layout_basic, serial_shops,
          nicolae_diamond_shop, nicolae_shop_hallway_plus,
          minmay_misc_feat_doors

Skill      XL: |  1  2  3 |
---------------+----------+-----
Throwing       | 1 |  1.0
Armour         | 1 |  1.0
Stealth        | 1 |  1.9
Dodging        | 2 |  2.0
Fighting       | 3 |  3.2
Polearms       | |  2.0
Spellcasting   | |  2.0
Translocations | |  3.0

Action                   || total
-------------------------++-------
Melee: Spear             ||    93
Throw: Stone             ||     8
       Javelin           ||     1
 Cast: Blink             ||     2
 Abil: Spit Poison       ||    38
  Use: Potion            ||     1
 Stab: Sleeping          ||     2
Armor: Robe              ||    18
       Leather armour    ||     4
Dodge: Dodged            ||    49

Table legend: (Time is in decaauts)
 A = Elapsed time spent in this place.
 B = Non-inter-level travel time spent in this place.
 C = Inter-level travel time spent in this place.
 D = Time resting spent in this place.
 E = Time spent auto-exploring this place.
 F = Levels seen in this place.
 G = Mean time per level.
                   A        B        C        D        E       F      G
               +--------+--------+--------+--------+--------+-----+--------+
         Total |   2048 |   1994 |     54 |    271 |    727 |   2 | 1024.0 |
       Dungeon |   2048 |   1994 |     54 |    271 |    727 |   2 | 1024.0 |
               +--------+--------+--------+--------+--------+-----+--------+

Top non-repeatable levels by time:
     D:1: 1555 daAuts
     D:2: 493 daAuts
